Map: Washout LE

Players

ViBE - Winner!

  • Race: Zerg Zerg
  • League: Master

Zonedout

  • Race: Terran Terran
  • League: Bronze

VOD

Have the link to the VOD?

Description

Time

  • Played on: Oct. 13, 2026, 9:52 p.m.
  • Length: 10:25
Show
View Real Time Build Order
Export as new Build Order

ViBE Zerg - Winner!

Build Orders: Hatch First, Roach Hydra 

Get SALT Encoding   

  12  0:01  Drone  
  13  0:13  Overlord  
  13  0:16  Drone  
  14  0:31  Drone x2  
  16  0:35  Drone  
  17  0:52  Hatchery  
  17  0:55  Drone  
  17  0:57  Drone  
  18  1:12  Spawning Pool  
  18  1:15  Drone  
  18  1:18  Drone  
  19  1:28  Drone  
  20  1:39  Overlord  
  20  1:42  Extractor  
  19  1:50  Drone  
  20  2:00  Queen  
  22  2:04  Drone  
  22  2:07  Queen  
  25  2:12  Drone  
  25  2:13  Drone  
  27  2:15  Drone  
  28  2:25  Overlord  
  28  2:27  Drone  
  29  2:33  Drone  
  29  2:36  Drone  
  31  2:44  Overlord  
  31  2:45  Queen  
  31  2:47  Lair  
  31  2:48  Drone  
  34  2:54  Drone  
  34  2:58  Roach Warren, Drone  
  35  3:06  Drone  
  35  3:09  Drone x4  
  40  3:15  Overlord  
  40  3:16  Drone  
  40  3:17  Drone  
  42  3:20  Drone x2  
  44  3:29  Drone  
  44  3:33  Extractor  
  44  3:34  Extractor  
  44  3:35  Drone  
  44  3:38  Drone  
  44  3:39  Drone  
  44  3:40  Drone  
  47  3:41  Drone  
  47  3:46  Hatchery  
  47  3:47  Glial Reconstitution  
  47  3:50  Drone x2  
  47  3:52  Overlord  
  49  3:56  Roach  
  51  4:03  Roach x3  
  51  4:09  Roach  
  59  4:11  Overlord  
  59  4:14  Roach  
  59  4:15  Roach  
  63  4:19  Overlord  
  63  4:21  Roach x2  
  67  4:24  Drone  
  67  4:30  Queen  
  70  4:38  Roach x4  
  76  4:42  Roach  
  72  4:48  Roach x3  
  72  4:57  Roach x2  
  73  5:00  Roach  
  71  5:11  Drone  
  71  5:12  Drone x4  
  76  5:19  Drone x2  
  78  5:23  Drone  
  78  5:27  Hydralisk Den  
  78  5:29  Evolution Chamber  
  78  5:30  Drone x5  
  78  5:31  Evolution Chamber, Overlord  
  78  5:32  Overlord x2  
  78  5:33  Drone  
  82  5:35  Extractor  
  82  5:39  Overlord  
  81  5:43  Drone  
  82  5:51  Drone x5  
  82  5:55  Drone x3  
  82  5:56  Drone  
  91  6:04  Drone x3  
  91  6:05  Drone  
  91  6:07  Hatchery  
  94  6:12  Zerg Missile Weapons Level 1, Zerg Ground Armor Level 1  
  94  6:13  Grooved Spines  
  94  6:16  Drone, Extractor x2  
  94  6:17  Drone  
  94  6:22  Overlord x2  
  94  6:23  Overlord  
  94  6:26  Hydralisk  
  94  6:28  Hydralisk  
  94  6:30  Hydralisk  
  94  6:32  Hydralisk  
  100  6:34  Hydralisk  
  100  6:36  Hydralisk  
  106  6:43  Hydralisk  
  106  6:44  Hydralisk x3  
  114  6:47  Hydralisk  
  114  6:52  Hydralisk x2  
  120  6:58  Drone x6  
  126  7:01  Overlord  
  126  7:02  Overlord  
  126  7:03  Muscular Augments  
  126  7:04  Overlord  
  126  7:13  Queen  
  128  7:18  Hydralisk x4  
  128  7:20  Drone x2  
  128  7:21  Drone  
  128  7:22  Drone  
  140  7:23  Drone  
  140  7:24  Drone  
  140  7:27  Queen  
  144  7:33  Drone x6  
  144  7:35  Drone  
  144  7:36  Drone  
  152  7:40  Extractor x2  
  150  7:48  Overlord  
  150  7:49  Overlord x2  
  150  7:52  Hatchery  
  141  7:58  Hydralisk x5  
  141  8:00  Hydralisk  
  141  8:02  Hydralisk  
  141  8:03  Hydralisk  
  153  8:12  Hydralisk  
  153  8:13  Hydralisk x4  
  153  8:16  Overlord  
  153  8:18  Drone  
  164  8:20  Hydralisk x2  
  164  8:23  Hydralisk x3  
  174  8:38  Hydralisk x8  
  174  8:39  Hydralisk  
  190  8:52  Hydralisk  
  190  8:53  Hydralisk x3  
  190  8:54  Hydralisk  
  194  9:24  Infestation Pit  
  194  9:29  Drone, Hydralisk x3  
Show
View Real Time Build Order
Export as new Build Order

Zonedout Terran 

Build Orders:  

Get SALT Encoding   

  12  0:03  SCV  
  13  0:19  Supply Depot  
  13  0:24  SCV  
  14  0:37  SCV  
  15  0:49  Barracks  
  15  0:52  Supply Depot  
  15  1:01  Barracks  
  15  1:03  SCV  
  16  1:13  Supply Depot  
  16  1:17  SCV  
  17  1:31  Barracks  
  17  1:32  SCV  
  18  1:44  Supply Depot  
  18  1:47  SCV  
  19  1:59  SCV  
  20  2:02  Marine x2  
  22  2:11  SCV  
  22  2:15  Supply Depot  
  23  2:19  Marine  
  23  2:20  Marine  
  25  2:25  SCV  
  25  2:29  Marine  
  27  2:37  Marine, Supply Depot  
  27  2:38  Marine  
  27  2:44  Supply Depot  
  29  2:47  Marine  
  30  2:55  Marine  
  30  2:57  SCV  
  32  3:09  SCV  
  32  3:11  Marine  
  32  3:12  Marine  
  35  3:13  Marine  
  36  3:22  Supply Depot  
  36  3:28  SCV  
  36  3:29  Marine x2  
  36  3:31  Marine  
  40  3:41  SCV  
  40  3:47  Marine x2  
  43  3:49  Marine  
  43  3:53  SCV  
  45  4:05  Marine x2  
  45  4:06  Marine  
  48  4:14  SCV  
  49  4:23  Marine x2  
  51  4:24  Marine  
  51  4:27  SCV  
  51  4:40  Marine  
  51  4:41  Marine  
  51  4:42  Marine  
  48  4:58  Marine x2  
  49  5:00  Marine  
  41  5:14  Barracks  
  38  5:16  Marine x2  
  38  5:18  Marine  
  38  5:29  Barracks  
  38  5:34  Marine x2  
  40  5:35  Marine  
  41  5:52  Marine x2  
  41  5:53  Marine  
  41  5:56  Barracks  
  45  5:57  SCV  
  45  6:03  Marine  
  46  6:09  Marine  
  46  6:10  Marine  
  48  6:11  Marine  
  49  6:21  Marine  
  50  6:27  Marine x2  
  50  6:28  Marine  
  50  6:29  Marine  
  54  6:35  Barracks  
  54  6:39  Marine  
  55  6:44  Barracks, Marine  
  55  6:45  Marine x2  
  55  6:47  Marine  
  59  6:57  Marine  
  60  7:02  Marine  
  60  7:03  Marine x2  
  60  7:04  Marine  
  64  7:15  Marine  
  65  7:20  Marine  
  65  7:21  Marine x2  
  65  7:22  Marine  
  69  7:32  Marine x4  
  73  7:38  Marine  
  73  7:39  Marine x2  
  73  7:40  Marine  
  77  7:50  Marine x2  
  79  7:53  Marine  
  79  7:54  Marine  
  79  7:56  Marine x2  
  79  7:57  Marine  
  79  7:58  Marine  
  51  8:07  Marine  
  51  8:08  Marine  
  51  8:11  Marine  
  51  8:12  Marine  
  54  8:13  Marine  
  54  8:14  Marine x2  
  54  8:16  Marine  
  54  8:25  Marine  
  54  8:26  Marine  
  55  8:29  Marine  
  55  8:30  Marine  
  55  8:31  Marine  
  55  8:32  Marine x2  
  55  8:34  Marine  
  54  8:43  Marine  
  54  8:44  Marine  
  54  8:47  Marine x2  
  58  8:49  Marine  
  58  8:50  Marine x2  
  58  8:51  Marine  
  62  9:02  Marine  
  63  9:03  Marine  
  63  9:04  Marine  
  63  9:05  Marine  
  44  9:30  Marine  
  44  9:31  Marine x4  
Tags
 
Composition
Roach Hydra
Matchup
TvZ
Player
ViBE
Add a new tag
Caveats
  • Supply blocks, unpowered buildings, or Contaminate may cause inaccurate times.
  • Supply counts are checked every 10 seconds.